Unix NetHack Version 3.7.0-89 Work-in-progress - last build Oct 29 2023 02:39:45 (20cca84197b74dff38aa9bb07c633f6875ef724d,branch:master). Game began 2023-10-31 11:44:21, ended 2023-10-31 11:48:31. BeanNighe, neutral male human Tourist -- - . --...-- .- |....... .. -........- /. -......). ------ .----- .......|..|.--G.|... | --- --................- -.................G.....- --........@..*...| |......*...).d...| |...............-- -................-- ----.....!.....%.- ---.--......... -- --....--..| ---.-- -.| --- -- BeanNighe the Rambler St:11 Dx:13 Co:14 In:12 Wi:9 Ch:18 Neutral Dlvl:4 $:433 HP:0(22) Pw:4(4) AC:9 Xp:2/26 T:920 Latest messages: The gecko is killed! You swap places with Lucey. You see here an uncursed +2 dart. a - an uncursed +2 dart (at the ready) (33 in total). You swap places with Lucey. That door is closed. This door is locked. Unlock it with your credit card? [ynq] (q) You succeed in picking the lock. You hear someone cursing shoplifters. The door opens. You descend the stairs. Lucey misses the gnome. Lucey bites the gnome. The gnome is killed! You see here a thonged club. The gnome lord throws a dagger! You are hit by a dagger. The gnome lord wields 4 daggers! What do you want to throw? [$aqv or ?*] In what direction? The dart hits the gnome lord. The gnome lord thrusts one of his daggers. The gnome lord hits! What do you want to throw? [$aqv or ?*] In what direction? The dart hits the gnome lord. The gnome lord thrusts one of his daggers. The gnome lord hits! You climb up the stairs. You descend the stairs. What do you want to throw? [$aqv or ?*] In what direction? The dart misses the gnome lord. Lucey bites the gnome. The gnome is killed! The gnome lord thrusts one of his daggers. The gnome lord hits! What do you want to throw? [$aqv or ?*] In what direction? The dart hits the gnome lord. The gnome lord thrusts one of his daggers. The gnome lord hits! What do you want to throw? [$aqv or ?*] In what direction? The dart hits the gnome lord! You hear crashing rock. The gnome lord thrusts one of his daggers. The gnome lord hits! You die... Inventory: Coins ('$') $ - 433 gold pieces Weapons (')') a - 28 uncursed +2 darts (at the ready) v - 12 uncursed +0 darts q - an uncursed +0 orcish dagger Armor ('[') r - an uncursed +0 orcish helm (being worn) k - a blessed +0 Hawaiian shirt with a sailboat motif (being worn) Comestibles ('%') b - 6 uncursed food rations e - an uncursed fortune cookie c - an uncursed pancake g - an uncursed tripe ration f - an uncursed tin of dried newt meat d - 2 uncursed eggs s - 2 uncursed lichen corpses Scrolls ('?') j - 4 uncursed scrolls of magic mapping Potions ('!') w - a cursed potion of confusion h - an uncursed potion of extra healing Wands ('/') u - an uncursed wand of slow monster (0:3) Tools ('(') n - an uncursed blindfold m - an uncursed credit card l - an uncursed expensive camera (0:73) o - an uncursed oil lamp BeanNighe the Tourist's attributes: Background: You were a Rambler, a level 2 male human Tourist. You were neutral, on a mission for The Lady who was opposed by Blind Io (lawful) and Offler (chaotic). You were in the Gnomish Mines, on level 4. You entered the dungeon 920 turns ago. There was a full moon in effect when your adventure ended. You had 26 experience points, 14 more were needed to attain level 3. Basics: You had 0 out of 22 hit points. You had all 4 energy points (spell power). Your armor class was 9. Your wallet contained 433 zorkmids. Autopickup was on for '$?!"=/*', with exceptions. Final Characteristics: Your strength was 11 (limit:18/100). Your dexterity was 13 (limit:18). Your constitution was 14 (limit:18). Your intelligence was 12 (limit:18). Your wisdom was 9 (limit:18). Your charisma was 18 (limit:18). Final Status: You weren't hungry. You were unencumbered. You were bare handed. You were unskilled in bare handed combat. Final Attributes: You were stridently aligned. You were lucky. You are dead. Miscellaneous: You disabled loading of bones levels. Total elapsed playing time was 4 minutes and 9 seconds. Major events: Turn 1: BeanNighe the neutral male human Tourist entered the dungeon 811: entered the Gnomish Mines 920: killed by a gnome lord Vanquished creatures: 2 gnomes a gecko 2 jackals 3 kobolds 3 goblins 3 sewer rats a grid bug 4 lichens 2 newts 21 creatures vanquished. No species were genocided or became extinct. Voluntary challenges: You followed a strict vegan diet. You were an atheist. You never hit with a wielded weapon. You read items or engraved 2 times. You never engraved Elbereth. You never genocided any monsters. You never polymorphed an object. You never changed form. You used no wishes. Achievement: You entered the Gnomish Mines. The Dungeons of Doom: levels 1 to 4 Level 1: Level 2: Some fountains. Level 3: Stairs down to The Gnomish Mines. Level 4: The Gnomish Mines: Level 4: <- You were here. Final resting place for you, killed by a gnome lord. Game over: ---------- / \ / REST \ / IN \ / PEACE \ / \ | BeanNighe | | 433 Au | | killed by a | | gnome lord | | | | | | 2023 | *| * * * | * _________)/\\_//(\/(/\)/\//\/|_)_______ Aloha BeanNighe the Tourist... You died in The Gnomish Mines on dungeon level 4 with 272 points, and 433 pieces of gold, after 920 moves. You were level 2 with a maximum of 22 hit points when you died.